cohdb
Replays
Latest Replays
All Replays
Popular Replays
Top Player Replays
Match Explorer
How It Works
Community
CoH3 Stats
Reddit
Sign in to upload your games and track your stats! →
Sign in with Steam
Match 41409394
Unlisted
Match 41409394
Overview
Messages
Build Orders
End
Selects Airborne Battlegroup
Selects Heavy Machine Gun Paradrop
Heavy Machine Gun Paradrop
Construct Barracks
Riflemen Squad
Heavy Machine Gun Paradrop
Construct Medical Station
Grenade Package
Selects Paratrooper Squad Paradrop
Riflemen Squad
Mechanized Support Center
Paratrooper Squad Paradrop
M1918 Browning Automatic Rifles
Selects Recon Loiter
Riflemen Squad
Paratrooper Squad Paradrop
Selects Supply Drop
Paratrooper Squad Paradrop
Heavy Machine Gun Paradrop
Construct Tank Depot
Selects Carpet Bombing Run
M18 Hellcat Tank Destroyer
1204346298
Cosimino
minatore
kurt0113
rtavarestuga
Frosty
Karl Müller
KingerKv94
0
0
Comments
sign in to comment!
No comments posted yet!